 Dungeon Crawl Stone Soup version 0.29.1-12-g30fa7ad0bf (webtiles) character file.

Game seed: 17914680044619706752

313 fantasyman the Chopper (level 5, 0/67 HPs)
             Began as a Demigod Fighter on Jan 6, 2023.
             Slain by a water moccasin (3 damage)
             ... in a sewer.
             The game lasted 00:04:03 (3311 turns).

fantasyman the Chopper (Demigod Fighter)            Turns: 3311, Time: 00:04:05

Health: 0/67       AC: 22    Str: 21    XL:     5   Next: 98%
Magic:  7/7        EV:  2    Int: 10    God:
Gold:   165        SH:  4    Dex: 13    Spells: 4/4 levels left

rFire   . . .      SeeInvis .   a - +0 war axe
rCold   . . .      Faith    .   c - +0 buckler
rNeg    . . .      Spirit   .   (body armour currently unavailable)
rPois   +          Reflect  .   (helmet currently unavailable)
rElec   .          Harm     .   (cloak currently unavailable)
rCorr   .          Rampage  .   (gloves currently unavailable)
Will    .....      NoTele   +   (boots currently unavailable)
Stlth   +.........              (no amulet)
HPRegen 0.21/turn               (no ring)
MPRegen 0.10/turn               (no ring)

@: lethally poisoned (0 -> -5), tree-form, very slow
A: stationary, stasis, torment immunity, boosted hp, high MP 1, forlorn, divine
attributes
a: no special abilities


You were in a sewer.
You were a tree.
You visited 1 branch of the dungeon, and saw 4 of its levels.
You also visited: Sewer.

You collected 165 gold pieces.

Inventory:

Hand Weapons
 a - a +0 war axe (weapon)
Armour
 b - a +0 scale mail (melded)
 c - a +0 buckler (worn)
 e - a +0 cloak (melded)
 i - a +0 pair of gloves (melded)
Scrolls
 k - a scroll of blinking {unknown}
 l - a scroll of identify {unknown}
 m - a scroll of butterflies {unknown}
 n - a scroll of immolation {unknown}
 o - a scroll of magic mapping {unknown}
 p - a scroll of summoning {unknown}
 q - a scroll of teleportation {unknown}
Potions
 d - a potion of might
 f - a potion of ambrosia {unknown}
 g - a potion of curing {unknown}
 h - 2 potions of lignification
 j - 2 potions of attraction {unknown}
 r - 2 potions of haste {unknown}


   Skills:
 + Level 3.3 Fighting
 + Level 4.4 Axes
 + Level 4.0 Armour
 - Level 3.2 Shields


You had 4 spell levels left.
You didn't know any spells.
Your spell library contained the following spells:

 Spells                   Type           Power      Damage    Failure   Level
 Stone Arrow              Conj/Erth      0%         3d7       83%         3
 Animate Armour           Summ/Erth      0%         N/A       99%         4
 Lehudib's Crystal Spear  Conj/Erth      0%         10d2      100%        8


Dungeon Overview and Level Annotations

Branches:
Dungeon (4/15)              Sewer (1/1)
 Temple: D:4-7

Annotations:
D:2 Terence


Innate Abilities, Weirdness & Mutations

You are a tree.
Your roots penetrate the ground, keeping you stationary.
You cannot be teleported.
You are immune to unholy pain and torment.
Your maximum health is greatly increased.
Your equipment is partially melded.
You have an increased reservoir of magic. (+10% MP)
You shall have no god before yourself.
Your divine heritage dramatically boosts your attributes as you level up.


Message History

The water moccasin completely misses you.
Your unstable footing causes you to fumble your attack.
You feel sick.
The water moccasin bites you but does no damage. x2
Your unstable footing causes you to fumble your attack.
You feel sick. The water moccasin closely misses you.
The water moccasin bites you but does no damage.
You hit the water moccasin but do no damage.
The water moccasin is moderately wounded.
You feel sick.
You are no longer poisoned.
The water moccasin bites you. x2
You are lethally poisoned!
The water moccasin poisons you!
It was a potion of lignification.
You turn into a tree.
Your +0 cloak melds into your body.
Your +0 pair of gloves melds into your body.
Your +0 scale mail melds into your body.
Your roots penetrate the ground.
You feel very sick. You block the water moccasin's attack.
You closely miss the water moccasin.
The water moccasin is moderately wounded.
* * * LOW HITPOINT WARNING * * *
You feel very sick.
The water moccasin completely misses you.
The water moccasin bites you but does no damage.
You hit the water moccasin but do no damage.
The water moccasin is moderately wounded.
You feel very sick.
The water moccasin bites you but does no damage.
The water moccasin bites you!
* * * LOW HITPOINT WARNING * * *
You hit the water moccasin.
The water moccasin is moderately wounded.
* * * LOW HITPOINT WARNING * * *
You feel sick.
The water moccasin bites you but does no damage.
The water moccasin bites you.
You die...

######## ###....~.###
###..........###
###.~..~####....~##.?#
##.~.~~### ###~♣S~.#
~~...~## ##..~...#
##....~# ~.~.~###
###.....# ...~##.?#
###.~~~. ...### :#
##.~..~.## # ######


You could see a water moccasin.

Vanquished Creatures
  Sigmund (D:2)
  A hound (D:3)
  3 gnolls (D:3)
  3 adders
  A worm (D:3)
  2 orcs (D:3)
  5 ball pythons
  5 endoplasms
  3 giant cockroaches
  8 goblins
  4 hobgoblins
  4 jackals
  2 quokkas (D:1)
  7 bats
  2 frilled lizards
  5 kobolds
  4 rats
60 creatures vanquished.

Notes
Turn   | Place    | Note
-------+----------+-------------------------------------------
     0 | D:1      | fantasyman the Demigod Fighter began the quest for the Orb.
     0 | D:1      | Reached XP level 1. HP: 18/18 MP: 3/3
   386 | D:1      | Reached XP level 2. HP: 21/25 MP: 4/4
  1320 | D:2      | Noticed Sigmund
  1332 | D:2      | Killed Sigmund
  1333 | D:2      | Reached XP level 3. HP: 21/31 MP: 5/5
  1333 | D:2      | Reached XP level 4. HP: 25/38 MP: 6/6
  1333 | D:2      | Reached XP level 5. HP: 30/45 MP: 7/7
  1632 | D:2      | Noticed Terence
  2304 | D:3      | Noticed a great orb of eyes
  2611 | D:3      | Noticed a golden eye
  2614 | D:3      | Noticed a floating eye
  2619 | D:3      | Noticed a shining eye
  3231 | D:4      | Found a glowing drain.
  3240 | Sewer    | Entered a sewer
  3295 | Sewer    | Noticed a water moccasin
  3311 | Sewer    | HP: 3/67 [poisoned by a water moccasin]
  3311 | Sewer    | Slain by a water moccasin

Illustrated notes

Levels and vault maps discovered:
D:1:      minmay_arrival_jagged, layout_loops_corners
D:2:      layout_rooms, roderic_roman_lattice, uniq_terence, uniq_sigmund
D:3:      layout_basic, xom_teletrap_fun, mainiacjoe_overflow_boulevard,
          hellmonk_ecumenical_altar_watching_god
D:4:      layout_basic, grunt_ashenzari_visionary
          [grunt_ashenzari_visionary_swamp, grunt_ashenzari_visionary_spider],
          portal_sewer_entry_d, minivault_27, uniq_grinder, uniq_menkaure
Sewer:    sewer_the_moccasin

Skill      XL: |  1  2  3  4  5 |
---------------+----------------+-----
Axes           | 2 3 4 |  4.4
Armour         | 3 4 |  4.0
Shields        | 3 |  3.2
Fighting       | 3 |  3.3

Action                   |  1- 3 |  4- 6 || total
-------------------------+-------+-------++-------
Melee: War axe           |    59 |   115 ||   174
  Use: Potion            |     1 |     1 ||     2
Armor: Scale mail        |    32 |    61 ||    93
       Skin              |       |     3 ||     3
Dodge: Dodged            |    29 |    50 ||    79
Block: Buckler           |    16 |    25 ||    41
